Map: Odyssée EC

Players

xEternalx - Winner!

  • Race: Zerg Zerg
  • League: Gold
  • Spawn Location: 11:00

zidar

  • Race: Zerg Zerg
  • League: Gold
  • Spawn Location: 5:00

VOD

Have the link to the VOD?

Description

Time

  • Played on: July 9, 2017, 2:37 p.m.
  • Length: 13:31
Show
View Real Time Build Order
Export as new Build Order

xEternalx Zerg - Winner!

Build Orders: Hatch First, Zergling Baneling 

Get SALT Encoding   

  12  0:01  Drone  
  13  0:13  Overlord  
  13  0:20  Drone  
  14  0:32  Drone  
  14  0:33  Drone  
  16  0:40  Drone  
  17  0:56  Hatchery  
  16  1:00  Drone  
  16  1:02  Drone  
  18  1:05  Extractor  
  17  1:20  Spawning Pool  
  17  1:22  Drone  
  17  1:29  Drone x2  
  19  1:41  Drone  
  20  1:50  Overlord  
  20  2:07  Metabolic Boost  
  20  2:09  Queen x2  
  20  2:11  Zergling x2  
  20  2:14  Zergling x2  
  26  2:30  Baneling Nest, Drone  
  26  2:31  Drone x2  
  28  2:40  Zergling x4  
  30  2:59  Zergling x4  
  30  3:00  Zergling x4  
  34  3:14  Overlord x2  
  34  3:16  Zergling x2  
  34  3:25  Baneling x2  
  34  3:26  Baneling  
  34  3:41  Zergling x14  
  41  3:49  Zergling x2  
  42  4:03  Zergling x2  
  42  4:04  Zergling x10  
  43  4:21  Zergling x4  
  43  4:22  Zergling x4  
  44  4:38  Baneling x5  
  34  5:17  Zergling x2  
  34  5:18  Zergling x14  
  38  5:31  Zergling x4  
  38  5:40  Zergling x2  
  38  5:41  Zergling x2  
  39  5:49  Roach Warren  
  37  5:52  Extractor  
  37  5:55  Drone x2  
  37  5:56  Drone  
  39  5:59  Extractor  
  39  6:00  Extractor  
  30  6:22  Baneling x6  
  30  6:33  Drone  
  30  6:34  Drone x3  
  30  6:35  Drone x7  
  30  6:37  Roach  
  30  6:38  Roach x2  
  44  7:02  Roach  
  44  7:03  Roach x3  
  44  7:05  Overlord x3  
  44  7:06  Overlord  
  52  7:24  Roach x5  
  62  7:45  Roach  
  62  7:46  Roach x4  
  72  8:11  Hatchery  
  73  8:13  Roach x6  
  73  8:15  Overlord x4  
  83  8:34  Roach x6  
  93  8:44  Zergling x2  
  93  8:45  Zergling x4  
  96  8:57  Roach  
  96  8:58  Roach x2  
  102  9:13  Queen  
  102  9:15  Roach x2  
  108  9:29  Roach  
  108  9:30  Roach x3  
  116  9:40  Lair  
  114  9:46  Drone  
  114  9:47  Drone x4  
  114  9:49  Pneumatized Carapace  
  114  10:09  Drone x3  
  114  10:10  Drone x4  
  114  10:11  Overlord  
  121  10:36  Roach x4  
  129  10:50  Spire  
  128  11:28  Extractor x2  
  128  11:29  Overlord x4  
  128  11:30  Overlord x7  
  126  11:40  Glial Reconstitution  
  126  11:49  Evolution Chamber  
  126  11:50  Evolution Chamber  
  124  11:58  Drone x7  
  124  11:59  Drone  
  132  12:06  Drone  
  133  12:09  Mutalisk x9  
  133  12:10  Mutalisk  
  153  12:18  Zergling x6  
  156  12:36  Mutalisk x5  
  166  13:09  Roach x8  
  166  13:10  Roach x4  
Show
View Real Time Build Order
Export as new Build Order

zidar Zerg 

Build Orders: Pool First 

Get SALT Encoding   

  12  0:02  Drone  
  13  0:12  Overlord  
  13  0:17  Drone  
  14  0:30  Drone x2  
  14  0:34  Drone  
  17  0:46  Spawning Pool  
  16  0:50  Drone  
  17  1:13  Hatchery  
  17  1:16  Drone  
  17  1:19  Extractor  
  17  1:22  Drone  
  17  1:34  Queen  
  19  1:42  Zergling x4  
  21  1:49  Overlord  
  21  2:09  Queen  
  21  2:10  Drone x2  
  24  2:32  Drone x3  
  27  2:39  Roach Warren  
  27  2:43  Drone  
  27  2:45  Drone x2  
  29  2:55  Drone  
  29  2:56  Overlord, Drone  
  31  3:02  Metabolic Boost  
  31  3:19  Zergling x2  
  32  3:20  Zergling x6  
  34  3:32  Roach x4  
  42  3:35  Overlord  
  42  3:50  Drone x2  
  42  3:51  Overlord  
  42  3:52  Overlord  
  44  4:01  Extractor  
  39  4:19  Zergling x16  
  42  4:39  Roach  
  42  4:40  Roach x4  
  42  4:41  Ravager  
  53  4:52  Queen  
  31  5:33  Roach  
  31  5:34  Roach x2  
  31  6:17  Drone x8  
  31  6:18  Drone  
  40  6:26  Queen  
  42  6:38  Ravager  
  41  7:10  Queen  
  43  7:16  Roach x2  
  43  7:17  Zergling x2  
  48  7:39  Drone x4  
  51  8:13  Roach x5  
  61  8:27  Spine Crawler  
  60  8:40  Drone x3  
  63  8:44  Drone x3  
  66  8:58  Overlord  
  66  8:59  Overlord  
  66  9:18  Roach  
  66  9:19  Roach x4  
  76  9:32  Ravager  
  76  9:34  Ravager  
  73  10:07  Queen  
  73  10:11  Roach  
  73  10:12  Roach x3  
  83  10:15  Overlord x3  
  83  10:19  Drone  
  84  10:21  Overlord  
  84  10:22  Overlord x2  
  84  10:38  Lair  
  84  10:53  Drone x6  
  90  10:58  Extractor  
  90  11:02  Extractor  
  88  11:26  Drone x8  
  96  11:49  Roach x5  
  96  11:50  Roach x2  
  96  11:51  Hatchery, Ravager  
  110  11:55  Overlord  
  110  12:08  Hydralisk Den  
  110  12:15  Evolution Chamber  
  108  12:18  Overlord  
  108  12:19  Overlord x2  
  108  12:39  Queen  
  110  12:57  Drone  
  110  12:58  Drone x3  
  114  13:16  Drone x9  
Tags
 
League
GoldGold
Matchup
ZvZ
Race
Zerg
Spawn Locations
Cross Positions
Add a new tag
Caveats
  • Supply blocks, unpowered buildings, or Contaminate may cause inaccurate times.
  • Supply counts are checked every 10 seconds.